 Dungeon Crawl Stone Soup version 0.25.1-9-gc5326a611f (webtiles) character file.

Game seed: 16284314907872628845

228 Revguard the Skirmisher (level 6, 0/63 HPs)
             Began as an Ogre Skald on Jan 28, 2021.
             Was an Initiate of Yredelemnul.
             Killed from afar by an orc wizard (4 damage)
             ... with a magic dart
             ... on level 6 of the Dungeon.
             The game lasted 00:12:42 (4327 turns).

Revguard the Skirmisher (Ogre Skald)                Turns: 4327, Time: 00:12:45

Health: 0/63       AC:  3    Str: 16    XL:     6   Next: 2%
Magic:  5/10       EV: 10    Int: 14    God:    Yredelemnul [......]
Gold:   136        SH:  0    Dex: 10    Spells: 3/10 levels left

rFire    . . .     SeeInvis .   i - +2 broad axe (venom)
rCold    . . .     Gourm    .   (no shield)
rNeg     . . .     Faith    .   b - +0 robe
rPois    .         Spirit   .   (helmet restricted)
rElec    .         Reflect  .   (no cloak)
rCorr    .         Harm     .   (gloves unavailable)
MR       .....                  (boots unavailable)
Stlth    +.........             (no amulet)
HPRegen  0.20/turn              (no ring)
MPRegen  0.12/turn              (no ring)

@: singing
A: large, unfitting armour, tough skin 1
a: Renounce Religion


You were on level 6 of the Dungeon.
You worshipped Yredelemnul.
Yredelemnul was noncommittal.
You were hungry.

You visited 1 branch of the dungeon, and saw 4 of its levels.

You collected 136 gold pieces.

Inventory:

Hand Weapons
 a - a +0 mace
 i - a +2 broad axe of venom (weapon)
Missiles
 c - 21 poisoned darts (quivered)
Armour
 b - a +0 robe (worn)
Jewellery
 o - an uncursed amulet of faith
Scrolls
 e - a scroll of enchant armour {unknown}
 g - a scroll of teleportation
 h - a scroll of magic mapping
 l - 2 scrolls of remove curse
 m - 4 scrolls of identify
Potions
 f - a potion of haste {unknown}
 j - a potion of lignification {unknown}
 k - a potion of ambrosia
 p - a potion of berserk rage {unknown}
Comestibles
 d - 9 rations


   Skills:
 * Level 4.4 Fighting
 + Level 1.9(2.6) Axes
 + Level 2.4(2.8) Maces & Flails
 + Level 3.0 Dodging
 + Level 2.9 Spellcasting
 + Level 3.1 Charms
 + Level 1.3 Translocations
 * Level 0.8 Invocations


You had 3 spell levels left.
You knew the following spells:

 Your Spells              Type           Power        Failure   Level  Hunger
b - Song of Slaying       Chrm           ##......     9%          2    ##.....
c - Shroud of Golubria    Chrm/Tloc      #.....       13%         2    ##.....
d - Ozocubu's Armour      Chrm/Ice       #.......     34%         3    ###....

Your spell library contained the following spells:

 Spells                   Type           Power        Failure   Level  Hunger
 Infusion                 Chrm           ##..         6%          1    #......
 Spectral Weapon          Hex/Chrm       #.......     34%         3    ###....


Dungeon Overview and Level Annotations

Branches:
Dungeon (3/15)

Altars:
Ashenzari
Cheibriados
Dithmenos
Elyvilon
Fedhas
Uskayaw
Yredelemnul


Innate Abilities, Weirdness & Mutations

You are too large for most types of armour.
You have tough skin. (AC +1)


Message History

* * * LOW HITPOINT WARNING * * *
Your shroud falls apart!
You slash the orc wizard!
You kill the orc wizard!
Yredelemnul accepts your kill.
Your Dodging skill increases to level 3!
You have reached level 6!
Your experience leads to an increase in your attributes!
Increase (S)trength, (I)ntelligence, or (D)exterity?
You feel agile.
You feel stronger.
You barely miss the orc. You closely miss the orc wizard.
The orc wizard casts a spell at you. The magic dart hits you!
* * * LOW HITPOINT WARNING * * *
The orc hits you with a +0 flail.
* * * LOW HITPOINT WARNING * * *
The orc wizard gestures at you while chanting.
The magic dart hits you.
You die...
Your body rises from the dead as a mindless zombie.

... .. .
..##.
###.?....
##.#..##..
##.........
#...).....#.
##o@).###...
#o##.......
###.........
#...........
#...........
##..#......#
#####......
..#..# ..#
.#


You could see an orc wizard (very poisoned) and an orc.

Vanquished Creatures
  A hound (D:6)
  An orc wizard (D:6)
  7 adders
  2 oozes (D:2)
  A worm (D:2)
  2 dart slugs
  2 leopard geckos
  4 orcs
  6 bats
  2 giant cockroaches
  13 goblins
  15 hobgoblins
  4 jackals (D:2)
  3 quokkas (D:2)
  A frilled lizard (D:3)
  10 kobolds
  10 rats
  7 fungi (D:3)
  2 plants (D:3)
93 creatures vanquished.

Notes
Turn   | Place    | Note
-------+----------+-------------------------------------------
     0 | D:1      | Revguard the Ogre Skald began the quest for the Orb.
     0 | D:1      | Reached XP level 1. HP: 22/22 MP: 3/3
   229 | D:1      | Reached XP level 2. HP: 29/29 MP: 5/5
   263 | D:1      | Learned a level 2 spell: Song of Slaying
   266 | D:1      | Learned a level 2 spell: Shroud of Golubria
   758 | D:1      | Reached XP level 3. HP: 22/36 MP: 7/7
  1593 | D:2      | Reached skill level 3 in Fighting
  1920 | D:2      | Reached skill level 1 in Translocations
  1924 | D:2      | Reached XP level 4. HP: 27/45 MP: 2/8
  2539 | D:2      | Found a shattered altar of Ashenzari.
  3084 | D:2      | Learned a level 3 spell: Ozocubu's Armour
  3133 | D:3      | Found a hide-covered altar of Uskayaw.
  3164 | D:3      | Reached XP level 5. HP: 18/53 MP: 6/9
  3414 | D:3      | Reached skill level 1 in Axes
  3473 | D:3      | Found a blossoming altar of Fedhas.
  3514 | D:3      | Found a basalt altar of Yredelemnul.
  3530 | D:3      | Became a worshipper of Yredelemnul the Dark
  3886 | D:3      | Found a white marble altar of Elyvilon.
  3910 | D:3      | Reached skill level 4 in Fighting
  4074 | D:3      | Found a shadowy altar of Dithmenos.
  4130 | D:3      | Found a snail-covered altar of Cheibriados.
  4296 | D:3      | You fall into a shaft and drop 3 floors!
  4299 | D:6      | Noticed an ogre
  4308 | D:6      | Noticed a centaur
  4311 | D:6      | Noticed a centaur
  4327 | D:6      | Reached XP level 6. HP: 14/63 MP: 5/10
  4327 | D:6      | Killed from afar by an orc wizard

Illustrated notes

Levels and vault maps discovered:
D:1:      elethiomel_arrival_infinity_welcomes_careful_drivers, layout_basic
D:2:      layout_loops_corners, nicolae_overflow_crystal_walls,
          minmay_liquid_box, minmay_tetromino_l2
D:3:      cheibrodos_greedy_goblins, layout_loops_ring, old_standard_altar,
          fedhas_altar_3, old_standard_altar, old_standard_altar,
          eat_drink_and_be_merry_uskayaw, yredelemnul_altar_generic,
          serial_glass, glass_columns_c, glass_columns_b, glass_columns_b,
          glass_columns_a, glass_columns_b, glass_columns_a
D:6:      layout_cave_pools, xom_teletrap_fun

Skill      XL: |  1  2  3  4  5 |
---------------+----------------+-----
Charms         | 3 |  3.1
Maces & Flails | 2 |  2.4
Fighting       | 3 4 |  4.4
Translocations | 1 |  1.3
Axes           | 1 |  1.9
Dodging        | 3 |  3.0
Spellcasting   | |  2.9
Invocations    | |  0.8

Action                   |  1- 3 |  4- 6 || total
-------------------------+-------+-------++-------
Melee: Mace              |   130 |       ||   130
       Broad axe         |       |   105 ||   105
 Cast: Shroud of Golubri |     2 |     2 ||     4
       Song of Slaying   |     2 |     2 ||     4
       Infusion          |     1 |       ||     1
  Use: Scroll            |     6 |     6 ||    12
       Potion            |     2 |     1 ||     3
  Eat: Chunk             |     3 |     8 ||    11
Armor: Robe              |    57 |    33 ||    90
Dodge: Dodged            |   123 |    65 ||   188
